 Dungeon Sprint DCSS version 0.28-a0-1234-g826d19b2e0 (webtiles) character file.

Game seed: 5299056649095911727

99 mhtbhm the Skirmisher (level 4, 0/45 HPs)
             Began as a Minotaur Fighter on Dec 23, 2021.
             Was an Initiate of Gozag.
             Shot with an arrow by a centaur (5 damage)
             ... in the Dungeon (Sprint VII: "The Pits").
             The game lasted 00:01:09 (368 turns).

mhtbhm the Skirmisher (Minotaur Fighter)             Turns: 368, Time: 00:01:10

Health: 0/45       AC: 13    Str: 22    XL:     4   Next: 45%
Magic:  3/3        EV:  8    Int:  5    God:    Gozag
Gold:   531        SH:  5    Dex: 10    Spells: 3/3 levels left

rFire   . . .      SeeInvis .   a - +1 hand axe (freeze)
rCold   . . .      Faith    .   c - +0 buckler
rNeg    . . .      Spirit   .   b - +3 chain mail
rPois   .          Reflect  .   (helmet restricted)
rElec   .          Harm     .   (no cloak)
rCorr   .          Rampage  .   (no gloves)
Will    .....      NoTele   +   (no boots)
Stlth   ..........              (no amulet)
HPRegen 0.15/turn               (no ring)
MPRegen 0.08/turn               (no ring)

@: on berserk cooldown, slowed, very slow
A: horns 2, retaliatory headbutt
a: Renounce Religion, Potion Petition, Call Merchant, Bribe Branch


You were in the Dungeon.
You worshipped Gozag.
Gozag was pleased with you.
You visited 1 branch You collected 531 gold pieces.

Inventory:

Hand Weapons
 a - a +1 hand axe of freezing (weapon)
Armour
 b - a +3 chain mail (worn)
 c - a +0 buckler (worn)
Scrolls
 j - a scroll of blinking
 l - 5 scrolls of amnesia
 m - a scroll of summoning
Potions
 d - a potion of might
 e - 6 potions of curing
 f - 4 potions of heal wounds
 g - a potion of haste
 h - 4 potions of magic
 i - 2 potions of berserk rage
 k - a potion of invisibility


   Skills:
 + Level 6.8 Fighting
 + Level 4.9 Axes
 + Level 6.8 Armour
 + Level 1.3 Dodging
 + Level 6.0 Shields


You had 3 spell levels left.
You didn't know any spells.
Your spell library was empty.

Dungeon Overview and Level Annotations

Branches:
Dungeon (1/1)

Altars:
Ashenzari
Cheibriados
Dithmenos
Elyvilon
Fedhas
Gozag
Hepliaklqana
Kikubaaqudgha
Makhleb
Nemelex Xobeh
Okawaru
Qazlal
Ru
Sif Muna
Trog
Uskayaw
Vehumet
Wu Jian
Xom
Yredelemnul
Zin
The Shining One
Beogh
Jiyva
Lugonu


Innate Abilities, Weirdness & Mutations

You have a pair of horns on your head.
You reflexively headbutt those who attack you in melee.


Message History

The gnoll shaman hits you with a +0 whip.
You hit something. You freeze something. You barely miss the gnoll shaman.
The centaur shoots an arrow.
Reactivating autopickup.
You feel a bit more experienced.
The gnoll shaman hits you but does no damage.
Your Shields skill increases to level 6!
Unknown command.
You hit the rat. You freeze the rat.
You kill the rat!
You strike the helpless gnoll shaman from behind!
You hit the gnoll shaman. You freeze the gnoll shaman.
The centaur shoots an arrow.
The arrow closely misses the gnoll shaman.
The centaur shoots an arrow.
The arrow closely misses the gnoll shaman.
The gnoll shaman is distracted by your dazzling golden aura.
The centaur is distracted by your dazzling golden aura.
The gnoll shaman shouts!
You flicker back into view.
The centaur shouts!
The gnoll shaman is no longer distracted by gold.
The centaur is no longer distracted by gold.
The centaur shoots an arrow.
The arrow hits you. The arrow burns you.
The gnoll shaman hits you but does no damage.
The centaur shoots an arrow.
The arrow hits you!
* * * LOW HITPOINT WARNING * * *
The arrow burns you.
* * * LOW HITPOINT WARNING * * *
Items here: $ )) [.
Unknown command.
You feel much better.
The centaur shoots an arrow.
The arrow hits you.
* * * LOW HITPOINT WARNING * * *
The arrow burns you.
* * * LOW HITPOINT WARNING * * *
The gnoll shaman barely misses you. You furiously retaliate!
You headbutt the gnoll shaman, but do no damage.
The centaur shoots an arrow.
The arrow hits you.
You die...
Your body crumbles into a pile of gold.

#.###'###))##......
#.#...).#))##......
#.#.....#[[##......
#.####'##'###...<..
#.#...).)..##......
#.#.....)..##......
#$###########......
#$g.....# #######
#$@###..# #.$.....#
##c###.## ... ..##
#... ####


You could see a centaur and a gnoll shaman.

Vanquished Creatures
  An orc priest (D)
  An orc wizard (D)
  A gnoll (D)
  An ufetubus (D)
  4 orcs (D)
  A bat (D)
  A bat zombie (D)
  An endoplasm (D)
  A goblin (D)
  A hobgoblin (D)
  A kobold (D)
  A ball python (D)
  A frilled lizard (D)
  A rat (D)
17 creatures vanquished.

Vanquished Creatures (others)
  2 orc wizards (D)
  2 gnolls (D)
  An orc (D)
5 creatures vanquished.

Grand Total: 22 creatures vanquished

Notes
Turn   | Place    | Note
-------+----------+-------------------------------------------
     0 | D        | mhtbhm the Minotaur Fighter began the quest for the Orb.
     0 | D        | Reached XP level 1. HP: 19/19 MP: 0/0
    18 | D        | Found a bloodstained altar of Trog.
    18 | D        | Found a shimmering blue altar of Sif Muna.
    18 | D        | Found a viscous altar of Jiyva.
    18 | D        | Found a hazy altar of Hepliaklqana.
    18 | D        | Found an opulent altar of Gozag.
    19 | D        | Found a glowing golden altar of the Shining One.
    19 | D        | Found a glowing silver altar of Zin.
    19 | D        | Found a basalt altar of Yredelemnul.
    19 | D        | Found a shimmering altar of Xom.
    19 | D        | Found an ornate altar of the Wu Jian Council.
    19 | D        | Found a sacrificial altar of Ru.
    19 | D        | Found a stormy altar of Qazlal.
    19 | D        | Found an iron altar of Okawaru.
    19 | D        | Found a sparkling altar of Nemelex Xobeh.
    19 | D        | Found a burning altar of Makhleb.
    19 | D        | Found a blossoming altar of Fedhas.
    19 | D        | Found a white marble altar of Elyvilon.
    19 | D        | Found a shadowy altar of Dithmenos.
    19 | D        | Found a snail-covered altar of Cheibriados.
    21 | D        | Found a radiant altar of Vehumet.
    21 | D        | Found a corrupted altar of Lugonu.
    22 | D        | Found a hide-covered altar of Uskayaw.
    22 | D        | Found an ancient bone altar of Kikubaaqudgha.
    22 | D        | Found a broken altar of Ashenzari.
    26 | D        | Became a worshipper of Gozag Ym Sagoz the Greedy
   113 | D        | Reached XP level 2. HP: 25/28 MP: 1/1
   167 | D        | Reached skill level 5 in Fighting
   167 | D        | Reached skill level 5 in Armour
   167 | D        | Reached skill level 5 in Shields
   167 | D        | Reached XP level 3. HP: 18/36 MP: 2/2
   345 | D        | Noticed a centaur
   359 | D        | Reached skill level 1 in Dodging
   359 | D        | Reached XP level 4. HP: 31/44 MP: 3/3
   367 | D        | HP: 1/45 [centaur/arrow (5)]
   368 | D        | Shot with an arrow by a centaur

Illustrated notes

Levels and vault maps discovered:
D:        pitsprint [storerooms_1, entrance_room_1, metal_vault_7, armoury_3,
          mini_pit_1, grid_room_1, main_hall_1, silver_pit, the_coven_3,
          the_vestibule_1, steel_vault_4, golden_pit, hallway_of_sentries,
          crystal_vault_1, iron_vault_1, final_vault]

Skill      XL: |  1  2  3  4 |
---------------+-------------+-----
Fighting       | 4 5 6 |  6.8
Armour         | 4 5 6 |  6.8
Shields        | 4 5 6 |  6.0
Axes           | 3 4 |  4.9
Dodging        | 1 |  1.3

Action                   |  1- 3 |  4- 6 || total
-------------------------+-------+-------++-------
Melee: Hand axe          |    31 |     7 ||    38
       War axe           |     1 |       ||     1
       Headbutt          |     2 |       ||     2
  Use: Potion            |     3 |     1 ||     4
 Stab: Invisible         |       |     1 ||     1
Armor: Scale mail        |    16 |       ||    16
       Chain mail        |    22 |     8 ||    30
Dodge: Dodged            |    27 |     2 ||    29
Block: Buckler           |     3 |       ||     3

Table legend: (Time is in decaauts)
 A = Elapsed time spent in this place.
 B = Non-inter-level travel time spent in this place.
 C = Inter-level travel time spent in this place.
 D = Time resting spent in this place.
 E = Time spent auto-exploring this place.
 F = Levels seen in this place.
 G = Mean time per level.
                   A        B        C        D        E       F      G
               +--------+--------+--------+--------+--------+-----+--------+
         Total |    379 |    379 |      0 |    126 |     43 |   1 |  379.0 |
       Dungeon |    379 |    379 |      0 |    126 |     43 |   1 |  379.0 |
               +--------+--------+--------+--------+--------+-----+--------+

Top non-repeatable levels by time:
       D: 379 daAuts
